 Dungeon Crawl Stone Soup version 0.19.5 (webtiles) character file.

112186 JeffiDaFish the Peltast (level 16, 0/107 HPs)
             Began as a Gargoyle Fighter on Mar 25, 2017.
             Was the Champion of Okawaru.
             Killed by divine providence
             ... invoked by an orc high priest
              (10 damage)
             ... on level 2 of the Orcish Mines on Mar 26, 2017.
             The game lasted 00:58:03 (25714 turns).

JeffiDaFish the Peltast (Gargoyle Fighter)         Turns: 25714, Time: 00:58:03

Health: 0/107      AC: 34    Str: 23    XL:     16   Next: 59%
Magic:  18/18      EV: 17    Int: 11    God:    Okawaru [******]
Gold:   2626       SH: 20    Dex: 18    Spells: 1 memorised, 13 levels left

rFire  . . .     SeeInvis .     I - +4 demon whip (flame)
rCold  . . .     Gourm    .     z - +2 shadow dragon scales
rNeg   + . .     Faith    .     L - +5 shield of the Devil {Str+3}
rPois  ∞         Spirit   .     A - +0 hat {MR+}
rElec  +         Reflect  .     j - +2 cloak {MR+}
rCorr  .         Harm     .     (no gloves)
MR     ++++.                    y - +0 pair of boots
Stlth  ++++++....               n - amulet of rage
                                w - +4 ring of dexterity
                                c - +5 ring of evasion

@: flying
A: antennae 1, big wings, magic resistance 1, negative energy resistance 1,
sense surroundings 1, electricity resistance, unbreathing, petrification
resistance, rot immunity, AC +11
a: Stop Flying, Heroism, Finesse, Renounce Religion, Evoke Berserk Rage


You were on level 2 of the Orcish Mines.
You worshipped Okawaru.
Okawaru was exalted by your worship.
You were near starving.

You visited 4 branches of the dungeon, and saw 24 of its levels.

You collected 2626 gold pieces.

Inventory:

Hand Weapons
 I - a +4 demon whip of flaming (weapon)
 M - a +2 morningstar of protection
Armour
 j - a +2 cloak of magic resistance (worn)
 y - a +0 pair of boots (worn)
 z - +2 shadow dragon scales (worn)
 A - a +0 hat of magic resistance (worn)
 L - the +5 shield of the Devil (worn) {Str+3}
   (Okawaru gifted it to you on level 6 of the Lair of Beasts)

   It affects your strength (+3).
Rods
 D - a +5 rod of shadows (16/16)
   (You took it off a wight on level 10 of the Dungeon)
Jewellery
 b - an uncursed ring of see invisible
 c - a +5 ring of evasion (left hand)
 n - an amulet of rage (around neck)
 w - a +4 ring of dexterity (right hand)
Wands
 x - a wand of teleportation (4/9)
Scrolls
 d - 2 scrolls of fog
 m - 3 scrolls of amnesia
 p - 5 scrolls of blinking
 q - 5 scrolls of fear
 r - 8 scrolls of identify
 t - 8 scrolls of remove curse
 H - a scroll of recharging
 J - a scroll of magic mapping
Potions
 k - a potion of heal wounds
 o - 4 potions of ambrosia
 s - 8 potions of curing
 B - 3 potions of brilliance
 C - 2 potions of resistance
 E - a potion of haste
 G - 3 potions of invisibility
Books
 F - a book of Power

   Spells                             Type                      Level
   a - Fulminant Prism                Conjuration/Hexes            4
   b - Iskenderun's Mystic Blast      Conjuration                  4
   c - Venom Bolt                     Conjuration/Poison           5
   d - Bolt of Magma                  Conjuration/Fire/Earth       5
   e - Iron Shot                      Conjuration/Earth            6
   f - Orb of Destruction             Conjuration                  7
   g - Spellforged Servitor           Conjuration/Summoning        7
 K - a book of Fire

   Spells                             Type                      Level
   a - Ignite Poison                  Fire/Transmutation/Poison    3
   b - Fireball                       Conjuration/Fire             5
   c - Bolt of Fire                   Conjuration/Fire             6
   d - Delayed Fireball               Conjuration/Fire             7
   e - Ring of Flames                 Charms/Fire                  7
Comestibles
 f - 15 bread rations
 g - 10 meat rations
 h - 7 slices of pizza
 i - 17 fruits
 u - 12 beef jerkies


   Skills:
 * Level 14.6 Fighting
 * Level 14.6 Maces & Flails
 * Level 12.2 Armour
 + Level 5.3 Dodging
 - Level 10.1 Stealth
 * Level 16.1 Shields
 + Level 1.9 Spellcasting
 + Level 1.5 Conjurations
 + Level 1.4 Fire Magic
 - Level 1.0 Evocations


You had 13 spell levels left.
You knew the following spells:

 Your Spells              Type           Power        Failure   Level  Hunger
a - Fireball              Conj/Fire      #.........   100%        5    ######.


Dungeon Overview and Level Annotations

Branches:
Dungeon (15/15) Temple (1/1) D:5 Lair (6/6) D:10 Shoals (0/4) Lair:3 Spider (0/4) Lair:4 Slime (0/5) Lair:6 Orc (2/2) D:12 Elf (0/3) Orc:2 Vaults (0/5) D:12 D:13 Depths (0/5) D:15

Altars:
Ashenzari
Dithmenos
Gozag
Hepliaklqana
Kikubaaqudgha
Makhleb
Okawaru
Qazlal
Ru
Sif Muna
Uskayaw
Xom
Yredelemnul
The Shining One

Shops:
D:8 *   D:11 *   Orc:2 =!!


Innate Abilities, Weirdness & Mutations

You are resistant to torment.
Your stone body is resilient. (AC +11)
You are immune to poison.
Your large and strong wings let you fly indefinitely.
You resist negative energy. (rN+)
You are resistant to electric shocks. (rElec)
You can survive without breathing.
You are immune to petrification.
You are immune to rotting.
You have a pair of small antennae on your head.
You are resistant to hostile enchantments. (MR+)
You passively map a small area around you.


Message History

You block the sun demon's attack.
Items here: )) [ † a demon blade of flaming; a plate armour; a halberd an infernal demonspawn corpse You thrash the orc high priest!!
You burn the orc high priest!
The orc high priest is severely wounded.
You closely miss the orc high priest.
The orc high priest is severely wounded.
You block the sun demon's attack.
The orc high priest calls down the wrath of Beogh upon you.
Beogh smites you!
* * * LOW HITPOINT WARNING * * *
You hit the orc high priest. You burn the orc high priest.
The orc high priest is severely wounded.
You hit the orc high priest. You burn the orc high priest.
The orc high priest is almost dead.
You block the sun demon's attack.
The orc high priest invokes the aid of Beogh against you.
Beogh smites you!
You die...

#...##......###.#o#.###..###.#
##.##......###...#...###).####
#.........###...###.).###()##
##.#.....###...##.##...###).##
####...###)).##...##....)...#
######...##..# ##...#....
##.#)##..# ,,##....#..
##....)).# ∩ ##.....#
#.....#@## ,,,##..#..
##...)3o.#*,∩* ##.....#
##.#)##..# * ##.)..#..
##..)##..# ##...#)...
##.).##...##)...))).# ###
##.).##.##...###).## ..##
##...###...###()## #..###
##..)#...###).## .....##
##.#)#.###..##


You could see an orc high priest and a sun demon.

Vanquished Creatures
  Rupert (D:12)
  Frances (D:13)
  Agnes (D:15)
  Gastronok (Lair:1)
  A stone giant (Orc:2)
  Nessos (D:15)
  A dire elephant (Lair:4)
  3 fire dragons
  Harold (Lair:4)
  9 hydras
  4 catoblepae
  Fannar (Lair:1)
  3 centaur warriors
  A queen ant (Lair:2)
  14 death yaks (Lair:6)
  9 orc high priests (Orc:2)
  Sonja (Lair:1)
  A wizard (D:15)
  An unseen horror (D:15)
  3 infernal demonspawn (Orc:2)
  7 hill giants
  5 orc knights
  A wolf spider zombie (D:15)
  Pikel (D:5)
  2 cyclopes
  A manticore (D:13)
  5 ugly things
  3 deep elf magi (D:15)
  An orc sorcerer (Orc:2)
  11 elephants
  9 centaur zombies
  A torpor snail (Lair:6)
  2 black mambas
  2 sirens (Lair:3)
  A gargoyle (D:6)
  An eye of devastation (Lair:6)
  14 spiny frogs
  An efreet (D:11)
  10 komodo dragons
  A hellwing (Orc:2)
  A freezing wraith (D:12)
  2 merfolk (Lair:3)
  9 trolls
  3 meliai (D:14)
  2 polar bears
  A red devil (Orc:2)
  Grinder (D:8)
  5 two-headed ogres
  17 blink frogs
  Prince Ribbit (Lair:1)
  8 hippogriffs
  6 slime creatures (D:13)
  2 dream sheep (Lair:6)
  A meliai zombie (D:13)
  2 redbacks (Lair:4)
  A ynoxinul (Orc:2)
  A shadow (D:13)
  4 wyverns
  3 wraiths
  42 yaks
  A basilisk (D:14)
  5 hungry ghosts
  16 humans
  2 vampire mosquitoes (D:15)
  A warg (Orc:2)
  2 mottled dragons
  23 soldier ants
  19 water moccasins
  4 porcupines
  A black bear (D:11)
  A swamp drake (D:12)
  35 orc warriors
  2 sky beasts
  5 ice beasts
  2 phantoms
  10 ogres
  2 eyes of draining
  8 centaurs
  17 wolves
  14 crocodiles
  4 big kobolds
  Blork the orc (D:6)
  14 bullfrogs
  A wyvern zombie (D:10)
  2 wyvern skeletons
  7 scorpions
  28 killer bees
  39 wights
  An electric eel (Lair:6)
  3 howler monkeys
  8 crimson imps
  3 bullfrog zombies
  6 hounds
  A jelly (D:15)
  Crazy Yiuf (D:2)
  A gnoll shaman (Orc:2)
  18 orc priests
  16 orc wizards
  4 bullfrog skeletons
  6 centaur skeletons
  27 worker ants
  3 iguanas
  5 hell rats (Lair:6)
  2 hound skeletons
  2 worker ant zombies
  8 gnolls
  13 adders
  2 shadow imps
  An ooze (D:5)
  An adder zombie (D:5)
  3 worms
  3 dart slugs
  3 leopard geckos
  66 orcs
  5 bats
  3 bat zombies (D:7)
  6 giant cockroaches
  6 goblins
  6 hobgoblins
  13 jackals
  19 kobolds
  2 quokkas
  A ball python skeleton (D:6)
  5 frilled lizards
  A leopard gecko zombie (D:6)
  A quokka zombie (D:9)
  5 rats
  A rat zombie (D:7)
  2 toadstools (D:1)
798 creatures vanquished.

Vanquished Creatures (collateral kills)
  2 worker ants (Lair:2)
2 creatures vanquished.

Vanquished Creatures (others)
  A spiny frog (Lair:6)
  9 fungi
  15 plants
  2 toadstools (D:1)
27 creatures vanquished.

Grand Total: 827 creatures vanquished

Notes
Turn   | Place    | Note
-------+----------+-------------------------------------------
     0 | D:1      | JeffiDaFish the Gargoyle Fighter began the quest for the Orb.
     0 | D:1      | Reached XP level 1. HP: 14/14 MP: 1/1
   313 | D:1      | Reached XP level 2. HP: 19/19 MP: 2/2
   731 | D:1      | Reached XP level 3. HP: 23/23 MP: 3/3
  1483 | D:2      | Found a runed door.
  1487 | D:2      | Noticed Crazy Yiuf
  1498 | D:2      | Killed Crazy Yiuf
  1498 | D:2      | Reached skill level 4 in Shields
  1498 | D:2      | Reached XP level 4. HP: 11/28 MP: 4/4
  1709 | D:2      | Found a burning altar of Makhleb.
  2039 | D:2      | Reached XP level 5. HP: 33/33 MP: 5/5
  2298 | D:3      | Reached XP level 6. HP: 16/38 MP: 6/6
  2530 | D:3      | Found an opulent altar of Gozag.
  2643 | D:3      | Found a burning altar of Makhleb.
  2645 | D:3      | Found a deep blue altar of Sif Muna.
  2645 | D:3      | Found a basalt altar of Yredelemnul.
  2733 | D:4      | Gained mutation: You have a pair of small antennae on your head. [potion of mutation]
  2733 | D:4      | Gained mutation: You are resistant to hostile enchantments. (MR+) [potion of mutation]
  2733 | D:4      | Gained mutation: You passively map a small area around you. [potion of mutation]
  2737 | D:4      | Noticed a sky beast
  2770 | D:4      | Killed a sky beast
  2770 | D:4      | Reached skill level 5 in Shields
  2834 | D:4      | Reached XP level 7. HP: 40/43 MP: 7/7
  2998 | D:4      | Reached skill level 5 in Maces & Flails
  3457 | D:5      | Entered Level 5 of the Dungeon
  3495 | D:5      | Reached skill level 1 in Dodging
  3540 | D:5      | Reached skill level 6 in Shields
  3540 | D:5      | Reached XP level 8. HP: 24/48 MP: 8/8
  3796 | D:5      | Found a staircase to the Ecumenical Temple.
  3811 | Temple   | Entered the Ecumenical Temple
  3825 | Temple   | Became a worshipper of Warmaster Okawaru
  3853 | D:5      | Noticed Grinder
  3941 | D:5      | Reached skill level 5 in Armour
  4015 | D:5      | Noticed Pikel
  4038 | D:5      | Killed Pikel
  4038 | D:5      | Reached skill level 5 in Fighting
  4136 | D:6      | Reached * piety under Okawaru
  4136 | D:6      | Reached skill level 1 in Stealth
  4290 | D:6      | Reached skill level 7 in Shields
  4290 | D:6      | Reached XP level 9. HP: 55/55 MP: 9/9
  4334 | D:6      | Noticed Blork the orc
  4347 | D:6      | Killed Blork the orc
  4488 | D:6      | Noticed a gargoyle
  4508 | D:6      | Killed a gargoyle
  4654 | D:6      | Found a shimmering altar of Xom.
  4839 | D:6      | Reached ** piety under Okawaru
  4984 | D:7      | Found a runed door.
  4987 | D:7      | Found a runed gate.
  4996 | D:7      | Found a runed door.
  5044 | D:7      | Found a runed gate.
  5058 | D:7      | Found a runed gate.
  5091 | D:7      | Reached skill level 8 in Shields
  5157 | D:7      | Reached *** piety under Okawaru
  5322 | D:7      | Reached XP level 10. HP: 60/61 MP: 10/10
  5683 | D:7      | Reached skill level 9 in Shields
  5862 | D:7      | Found an ancient bone altar of Kikubaaqudgha.
  6116 | D:8      | Reached **** piety under Okawaru
  6172 | D:8      | Killed Grinder
  6465 | D:8      | Found a glowing golden altar of the Shining One.
  6785 | D:8      | Found Kechyb's General Store.
  7031 | D:9      | Reached skill level 10 in Shields
  7106 | D:9      | Reached ***** piety under Okawaru
  7106 | D:9      | Reached skill level 10 in Maces & Flails
  7106 | D:9      | Reached XP level 11. HP: 68/68 MP: 11/11
  7330 | D:9      | Received a gift from Okawaru
  8032 | D:10     | Entered Level 10 of the Dungeon
  8250 | D:10     | Reached skill level 5 in Stealth
  8302 | D:10     | Found a staircase to the Lair.
  8936 | Lair:1   | Entered Level 1 of the Lair of Beasts
  8956 | Lair:1   | Noticed Prince Ribbit
  8988 | Lair:1   | Killed Prince Ribbit
  9185 | Lair:1   | Reached skill level 11 in Shields
  9527 | Lair:1   | Noticed Fannar
  9538 | Lair:1   | Noticed Sonja
  9553 | Lair:1   | Killed Fannar
  9553 | Lair:1   | Received a gift from Okawaru
  9553 | Lair:1   | Reached XP level 12. HP: 71/76 MP: 12/12
  9579 | Lair:1   | Killed Sonja
  9644 | Lair:1   | Noticed Gastronok
  9671 | Lair:1   | Killed Gastronok
 10422 | Lair:2   | Noticed a queen ant
 10472 | Lair:2   | Killed a queen ant
 10784 | Lair:2   | Noticed a four-headed hydra
 10795 | Lair:2   | Killed a four-headed hydra
 10795 | Lair:2   | Reached ****** piety under Okawaru
 10795 | Lair:2   | Reached skill level 12 in Shields
 10805 | Lair:2   | Reached skill level 10 in Fighting
 11049 | Lair:2   | Noticed a six-headed hydra
 11064 | Lair:2   | Killed a six-headed hydra
 11473 | Lair:2   | Reached XP level 13. HP: 77/82 MP: 13/13
 11860 | Lair:3   | Received a gift from Okawaru
 11912 | Lair:3   | Found a staircase to the Shoals.
 12722 | Lair:4   | Found a hole to the Spider Nest.
 13009 | Lair:4   | Noticed Harold
 13020 | Lair:4   | Killed Harold
 13064 | Lair:4   | Received a gift from Okawaru
 13074 | Lair:4   | Noticed a dire elephant
 13397 | Lair:4   | Reached skill level 13 in Shields
 13440 | Lair:4   | Killed a dire elephant
 13603 | Lair:4   | Learned a level 5 spell: Fireball
 14075 | Lair:5   | Received a gift from Okawaru
 14478 | Lair:5   | Noticed a fire dragon
 14487 | Lair:5   | Identified a +5 rod of shadows (16/16) (You took it off a wight on level 10 of the Dungeon)
 14508 | Lair:5   | Killed a fire dragon
 14508 | Lair:5   | Gained mutation: Your large and strong wings let you fly indefinitely. [Gargoyle growth]
 14508 | Lair:5   | Reached XP level 14. HP: 81/91 MP: 14/14
 14649 | Lair:6   | Entered Level 6 of the Lair of Beasts
 14738 | Lair:6   | Reached skill level 10 in Armour
 14745 | Lair:6   | Reached skill level 1 in Evocations
 15310 | Lair:6   | Found a staircase to the Slime Pits.
 15664 | Lair:6   | Reached skill level 14 in Shields
 16157 | Lair:6   | Received a gift from Okawaru
 16179 | Lair:6   | Received a gift from Okawaru
 16663 | Lair:6   | Received a gift from Okawaru
 16699 | Lair:6   | Got a steaming shield {god gift}
 16710 | Lair:6   | Identified the +5 shield of the Devil {Str+3} (Okawaru gifted it to you on level 6 of the Lair of Beasts)
 17275 | D:11     | Reached XP level 15. HP: 98/98 MP: 15/15
 18023 | D:11     | Found Yput's Assorted Antiques.
 18343 | D:12     | Noticed Rupert
 18359 | D:12     | Killed Rupert
 18703 | D:12     | Found a staircase to the Orcish Mines.
 19360 | D:13     | Found a gate to the Vaults.
 19426 | D:12     | Reached skill level 15 in Shields
 19634 | D:13     | Received a gift from Okawaru
 20111 | D:13     | Noticed Frances
 20129 | D:13     | Killed Frances
 20790 | D:14     | Found a sacrificial altar of Ru.
 20816 | D:14     | Received a gift from Okawaru
 20825 | D:14     | Got a crude mace {god gift}
 20826 | D:14     | Identified the +6 mace of Action {freeze, +Inv Str-3 Int+5 Dex+2} (Okawaru gifted it to you on level 14 of the Dungeon)
 21429 | D:15     | Entered Level 15 of the Dungeon
 21494 | D:15     | Noticed Agnes
 21505 | D:15     | Killed Agnes
 21643 | D:15     | Reached XP level 16. HP: 106/106 MP: 16/16
 22055 | D:15     | Found a staircase to the Depths.
 22560 | D:15     | Reached skill level 10 in Stealth
 22592 | D:15     | Noticed Nessos
 22620 | D:15     | Killed Nessos
 22954 | Orc:1    | Entered Level 1 of the Orcish Mines
 22966 | Orc:1    | Received a gift from Okawaru
 23134 | Orc:2    | Entered Level 2 of the Orcish Mines
 23627 | Orc:2    | Found a staircase to the Elven Halls.
 23906 | Orc:2    | Found Safiozxa's Jewellery Emporium.
 24006 | Orc:2    | Found Datal's Distillery.
 24014 | Orc:2    | Found Yduckog's Distillery.
 24050 | Orc:2    | Reached skill level 1 in Conjurations
 24313 | Orc:2    | Reached skill level 5 in Dodging
 24699 | Orc:2    | Reached skill level 1 in Fire Magic
 24729 | Orc:2    | Reached skill level 16 in Shields
 25019 | Orc:2    | Reached skill level 1 in Spellcasting
 25092 | Orc:2    | Received a gift from Okawaru
 25714 | Orc:2    | Killed from afar by an orc high priest

Skill      XL: |  1  2  3  4  5  6  7  8  9 10 11 12 13 14 15 16 |
---------------+-------------------------------------------------+-----
Armour         | 4 5 6 7 8 9 11 12 | 12.2
Shields        | 4 5 6 7 8 10 11 12 13 14 15 16 | 16.1
Maces & Flails | 3 4 5 7 9 10 11 12 13 14 | 14.6
Fighting       | 4 5 6 8 9 10 11 13 14 | 14.6
Dodging        | 1 2 3 4 5 |  5.3
Stealth        | 1 3 6 8 9 10 | 10.1
Evocations     | 1 |  1.0
Conjurations   | 1 |  1.5
Fire Magic     | 1 |  1.4
Spellcasting   | 1 |  1.9

Action                   |  1- 3 |  4- 6 |  7- 9 | 10-12 | 13-15 | 16-18 || total
-------------------------+-------+-------+-------+-------+-------+-------++-------
Melee: Flail             |   113 |   176 |   168 |       |       |       ||   457
       Whip              |       |       |   251 |  1177 |    44 |       ||  1472
       Demon whip        |       |       |       |       |  1522 |   607 ||  2129
       Morningstar       |       |       |       |       |     7 |       ||     7
 Abil: Fly               |       |       |       |       |     1 |       ||     1
       Evoke Berserk Rag |       |       |       |       |     1 |       ||     1
Evoke: Rod               |       |       |       |       |     2 |       ||     2
  Use: Potion            |     5 |     4 |     3 |     1 |     4 |     3 ||    20
       Scroll            |     3 |     3 |     8 |    10 |    14 |     6 ||    44
 Stab: Sleeping          |       |       |       |    25 |    46 |     9 ||    80
       Distracted        |       |       |       |     3 |     3 |     2 ||     8
  Eat: Chunk             |     2 |     4 |    10 |    20 |    33 |    11 ||    80
       Royal jelly       |       |       |       |     1 |       |     1 ||     2
       Fruit             |       |       |       |     1 |       |       ||     1
Armor: Scale mail        |    21 |       |       |       |       |       ||    21
       Chain mail        |    35 |   185 |   177 |    25 |       |       ||   422
       Shadow dragon sca |       |       |       |   335 |   484 |   124 ||   943
Dodge: Dodged            |    18 |    43 |    94 |   167 |   311 |   200 ||   833
Block: Shield            |    54 |   108 |   195 |   434 |   846 |   445 ||  2082
